 Dungeon Crawl Stone Soup version 0.24-b1-44-g37ad8b309f (webtiles) character file.

Game seed: 487929029270726658, levelgen mode: deterministic

91 Mrkan the Slasher (level 4, 0/42 HPs)
             Began as a Tengu Berserker on Oct 24, 2019.
             Was a Believer of Trog.
             Slain by a hobgoblin
             ... wielding a +0 club
             ... led by Robin
              (2 damage)
             ... on level 3 of the Dungeon.
             The game lasted 00:03:04 (1559 turns).

Mrkan the Slasher (Tengu Berserker)                 Turns: 1559, Time: 00:03:05

Health: 0/42       AC:  2    Str: 24    XL:     4   Next: 57%
Magic:  5/5        EV: 13    Int:  7    God:    Trog [**....]
Gold:   118        SH:  0    Dex: 13    Spells: 3/3 levels left

rFire    . . .     SeeInvis .   a - +0 falchion
rCold    . . .     Gourm    .   (no shield)
rNeg     . . .     Faith    .   b - +0 animal skin
rPois    .         Spirit   .   (helmet restricted)
rElec    .         Reflect  .   (no cloak)
rCorr    .         Harm     .   (no gloves)
MR       .....                  (boots unavailable)
Stlth    ..........             (no amulet)
HPRegen  0.14/turn              g - ring of stealth
MPRegen  0.09/turn              (no ring)

@: berserking, very quick
A: beak, talons 3
a: Berserk, Trog's Hand, Renounce Religion


You were on level 3 of the Dungeon.
You worshipped Trog.
Trog was pleased with you.
You were hungry.

You visited 1 branch of the dungeon, and saw 3 of its levels.

You collected 118 gold pieces.

Inventory:

Hand Weapons
 a - a +0 falchion (weapon)
Missiles
 e - 100 stones (quivered)
Armour
 b - a +0 animal skin (worn)
Jewellery
 g - a ring of stealth (left hand)
Scrolls
 f - 3 scrolls of identify {unknown}
 h - a scroll of immolation {unknown}
 i - 2 scrolls of remove curse {unknown}
 l - a scroll of amnesia {unknown}
 o - a scroll of enchant armour {unknown}
 p - a scroll of fear {unknown}
Potions
 d - a potion of agility {unknown}
 j - a potion of flight {unknown}
 k - 2 potions of curing {unknown}
 m - a potion of lignification {unknown}
Comestibles
 c - 6 rations


   Skills:
 + Level 3.6 Fighting
 * Level 4.7 Long Blades
 - Level 2.1 Armour
 + Level 3.0 Dodging


You had 3 spell levels left.
You didn't know any spells.
Your spell library was empty.

Dungeon Overview and Level Annotations

Branches:
Dungeon (3/15)

Altars:


Innate Abilities, Weirdness & Mutations

You have a beak for a mouth.
You have claws for feet.


Message History

The goblin closely misses you. Something throws the goblin at you!
The goblin completely misses you.
You riposte.
You closely miss the goblin. You claw the goblin.
You kill the goblin!
Trog accepts your kill. Something hits you. Something hits you!
* * * LOW HITPOINT WARNING * * *
A red film seems to cover your vision as you go berserk!
You feel yourself moving faster!
You feel mighty!
You are feeling hungry.
Something hits you.
* * * LOW HITPOINT WARNING * * *
You closely miss something. You claw something. You peck something!
Trog accepts your kill.
Reactivating autopickup.
You feel a bit more experienced.
Okay, then.
The hobgoblin hits you with a +0 club.
You die...

### #### #.. ...
#.# #######. #.#
#.<..... #g#
#.##.... #g#
#.##.### #g#
#.##....
#@#########.######
#...........#
#############


You could see 2 hobgoblins and a goblin.

Vanquished Creatures
  Robin (D:3)
  3 adders (D:2)
  3 worms (D:2)
  2 dart slugs (D:1)
  2 leopard geckos
  3 bats
  A giant cockroach (D:2)
  2 hobgoblins
  8 kobolds
  A quokka (D:2)
  4 frilled lizards (D:2)
  A giant cockroach zombie (D:2)
  5 goblins
  9 rats
45 creatures vanquished.

Notes
Turn   | Place    | Note
-------+----------+-------------------------------------------
     0 | D:1      | Mrkan the Tengu Berserker began the quest for the Orb.
     0 | D:1      | Reached XP level 1. HP: 14/14 MP: 2/2
   134 | D:1      | Reached XP level 2. HP: 12/19 MP: 3/3
   790 | D:2      | Reached skill level 4 in Long Blades
   790 | D:2      | Reached XP level 3. HP: 16/23 MP: 4/4
   882 | D:2      | Reached ** piety under Trog
  1070 | D:2      | Reached XP level 4. HP: 7/28 MP: 5/5
  1543 | D:3      | Noticed Robin
  1557 | D:3      | HP: 2/42 [something (4)]
  1558 | D:3      | Killed Robin
  1559 | D:3      | Slain by a hobgoblin

Skill      XL: |  1  2  3  4 |
---------------+-------------+-----
Long Blades    | 4 |  4.7
Dodging        | 3 |  3.0
Fighting       | |  3.6
Armour         | |  2.1

Action                   |  1- 3 |  4- 6 || total
-------------------------+-------+-------++-------
Melee: Falchion          |    67 |    19 ||    86
       Kick              |    22 |    11 ||    33
       Peck              |     6 |     5 ||    11
Invok: Berserk           |       |     1 ||     1
 Stab: Sleeping          |     2 |     1 ||     3
  Eat: Chunk             |       |     2 ||     2
Armor: Animal skin       |    13 |     2 ||    15
Dodge: Dodged            |    45 |    12 ||    57
       Rpst.: Falchion   |    13 |     3 ||    16
